 Dungeon Crawl Stone Soup version 0.21.1-1-g345015f (webtiles) character file.

33 tidbits the Sneak (level 3, -3/25 HPs)
             Began as a Gnoll Enchanter on June 9, 2018.
             Slain by a goblin
             ... wielding a +0 mace
              (7 damage)
             ... on level 2 of the Dungeon.
             The game lasted 00:03:11 (308 turns).

tidbits the Sneak (Gnoll Enchanter)                  Turns: 308, Time: 00:03:12

Health: -3/25      AC:  2    Str: 10    XL:     3   Next: 29%
Magic:  0/9        EV: 14    Int: 18    God:
Gold:   28         SH:  0    Dex: 15    Spells: 9/12 levels left

rFire    . . .     SeeInvis .   a - +1 dagger
rCold    . . .     Gourm    .   (no shield)
rNeg     . . .     Faith    .   b - +0 robe
rPois    .         Spirit   .   (no helmet)
rElec    .         Reflect  .   (no cloak)
rCorr    .         Harm     .   (no gloves)
MR       .....                  (no boots)
Stlth    +++.......             (no amulet)
HPRegen  0.08/turn              (no ring)
MPRegen  0.11/turn              (no ring)

@: no status effects
A: distributed training, fangs 1, strong nose
a: no special abilities


You were on level 2 of the Dungeon.
You were not hungry.

You visited 1 branch of the dungeon, and saw 2 of its levels.

You collected 28 gold pieces.

Inventory:

Hand Weapons
 a - a +1 dagger (weapon)
Armour
 b - a +0 robe (worn)
Scrolls
 f - a scroll of amnesia
 h - a scroll of remove curse
Potions
 e - a potion of curing
Books
 c - a book of Maledictions

   Spells                             Type                      Level
   a - Corona                         Hexes                        1
   b - Ensorcelled Hibernation        Hexes/Ice                    2
   c - Confuse                        Hexes                        3
   d - Tukima's Dance                 Hexes                        3
   e - Dazzling Spray                 Conjuration/Hexes            3
Comestibles
 d - 3 rations


   Skills:
 + Level 0.7 Fighting
 + Level 2.6 Short Blades
 + Level 0.7 Long Blades
 + Level 0.7 Axes
 + Level 0.7 Maces & Flails
 + Level 0.7 Polearms
 + Level 0.7 Staves
 + Level 0.7 Slings
 + Level 0.7 Bows
 + Level 0.7 Crossbows
 + Level 0.7 Throwing
 + Level 0.7 Armour
 + Level 4.5 Dodging
 + Level 6.0 Stealth
 + Level 0.7 Shields
 + Level 0.7 Unarmed Combat
 + Level 5.0 Spellcasting
 + Level 0.5 Conjurations
 + Level 5.4 Hexes
 + Level 0.5 Charms
 + Level 0.5 Summonings
 + Level 0.5 Necromancy
 + Level 0.5 Translocations
 + Level 0.5 Transmutations
 + Level 0.5 Fire Magic
 + Level 0.5 Ice Magic
 + Level 0.5 Air Magic
 + Level 0.5 Earth Magic
 + Level 0.5 Poison Magic
 + Level 0.9 Invocations
 + Level 0.7 Evocations


You had 9 spell levels left.
You knew the following spells:

 Your Spells              Type           Power        Failure   Level  Hunger
a - Corona                Hex            ###....      1%          1    None
e - Ensorcelled Hibernat  Hex/Ice        ###...       6%          2    #......


Dungeon Overview and Level Annotations

Branches:
Dungeon (2/15)

Altars:


Innate Abilities, Weirdness & Mutations

Your experience applies equally to all skills.
You have very sharp teeth.
Your uncanny sense of smell can sniff out nearby items.


Message History

Aim: a rat You throw a tomahawk.
The tomahawk barely misses the jackal. x2
The tomahawk hits the rat.
You kill the rat!
The jackal barely misses you. The jackal misses you.
Throwing (i - inventory):
g - 3 tomahawks (quivered)
Press: ? - help, Shift-Dir - straight line, f - jackal
Aim: a jackal You throw a tomahawk.
The tomahawk hits the jackal.
You kill the jackal!
The jackal closely misses you.
Casting: Ensorcelled Hibernation
Confirm with . or Enter, or press ? or * to list all spells.
Aiming: Ensorcelled Hibernation
Press: ? - help, Shift-Dir - straight line, f/p - jackal
Aim: a jackal (chance to defeat MR: 63%)
The jackal looks drowsy...
The helpless jackal fails to defend itself.
You impale the jackal!!
You kill the jackal!
Things that are here:
2 tomahawks; a jackal corpse x2
g - 4 tomahawks (gained 2)
Things that are here:
a tomahawk; a rat corpse
g - 5 tomahawks (gained 1)
A goblin comes into view. It is wielding a mace.
A bat comes into view.
As you read the scroll labeled LAISAR KOMP, it crumbles to dust.
You feel blessed for a moment.
It was a scroll of remove curse.
As you read the scroll labeled OCWAGE INTOI, it crumbles to dust.
It is a scroll of identify.
f - a scroll of amnesia The goblin shouts!
As you read the scroll of identify, it crumbles to dust.
e - a potion of curing The bat hits you but does no damage. x2
Casting: Ensorcelled Hibernation
Confirm with . or Enter, or press ? or * to list all spells.
You don't have enough magic to cast that spell.
The bat misses you.
Throwing (i - inventory):
g - 5 tomahawks (quivered)
Press: ? - help, Shift-Dir - straight line, f - goblin
Aim: a goblin, wielding a mace You throw a tomahawk.
The tomahawk hits the bat.
You kill the bat!
Your Stealth skill increases to level 6!
Throwing (i - inventory):
g - 4 tomahawks (quivered)
Press: ? - help, Shift-Dir - straight line, f/p - goblin
Aim: a goblin, wielding a mace You throw a tomahawk.
The tomahawk hits the goblin.
The goblin is moderately wounded.
Casting: Ensorcelled Hibernation
Confirm with . or Enter, or press ? or * to list all spells.
Aiming: Ensorcelled Hibernation
Press: ? - help, Shift-Dir - straight line, f/p - goblin
Aim: a goblin, wielding a mace (moderately wounded, chance to defeat MR: 63%)
The goblin resists with significant effort.
The goblin hits you with a mace.
You closely miss the goblin.
The goblin is moderately wounded.
The goblin hits you with a mace.
* * * LOW HITPOINT WARNING * * *
Throwing (i - inventory):
g - 3 tomahawks (quivered)
Press: ? - help, Shift-Dir - straight line, f/p - goblin
Aim: a goblin, wielding a mace (moderately wounded)
You throw a tomahawk. The tomahawk misses the goblin.
The goblin closely misses you.
Throwing (i - inventory):
g - 2 tomahawks (quivered)
Press: ? - help, Shift-Dir - straight line, f/p - goblin
Aim: a goblin, wielding a mace (moderately wounded)
You throw a tomahawk. The tomahawk barely misses the goblin.
The goblin hits you with a mace!
* * * LOW HITPOINT WARNING * * *
Throwing (i - inventory):
g - a tomahawk (quivered)
Press: ? - help, Shift-Dir - straight line, f/p - goblin
Aim: a goblin, wielding a mace (moderately wounded)
You throw a tomahawk. The tomahawk barely misses the goblin.
The goblin closely misses you.
You hit the goblin.
The goblin is heavily wounded.
The goblin closely misses you.
You hit the goblin.
The goblin is severely wounded.
The goblin closely misses you.
You closely miss the goblin.
The goblin is severely wounded.
You closely miss the goblin.
The goblin is severely wounded.
The goblin misses you.
You barely miss the goblin.
The goblin is severely wounded.
The goblin barely misses you.
Casting: Ensorcelled Hibernation
Confirm with . or Enter, or press ? or * to list all spells.
Aiming: Corona
Press: ? - help, Shift-Dir - straight line, f/p - goblin
Aim: a goblin, wielding a mace (severely wounded, chance to defeat MR: 79%)
The goblin is outlined in light.
The goblin hits you with a mace!
You die...

#.#.#.##....
#...#.....
##....#
#....#
##....###
##..#....#
#.(##.##.#
##g##...#.#
##@.##.#.# #
#.†###.#.#
#.###..#..
#†#...##...
#.#.### ....
##.#.# .....
#..#.#
.....#
#.#..#
#.#.##


You could see a goblin.

Vanquished Creatures
  An adder (D:2)
  A leopard gecko (D:1)
  3 bats (D:2)
  A giant cockroach (D:1)
  3 goblins (D:1)
  A hobgoblin (D:1)
  4 jackals (D:2)
  A frilled lizard (D:1)
  6 rats
21 creatures vanquished.

Notes
Turn   | Place    | Note
-------+----------+-------------------------------------------
     0 | D:1      | tidbits the Gnoll Enchanter began the quest for the Orb.
     0 | D:1      | Reached XP level 1. HP: 13/13 MP: 6/6
    90 | D:1      | Reached XP level 2. HP: 13/19 MP: 4/7
   126 | D:1      | Learned a level 2 spell: Ensorcelled Hibernation
   267 | D:2      | Reached skill level 5 in Spellcasting
   267 | D:2      | Reached XP level 3. HP: 24/25 MP: 2/9
   296 | D:2      | Reached skill level 6 in Stealth
   308 | D:2      | Slain by a goblin

Skill      XL: |  1  2  3 |
---------------+----------+-----
Spellcasting   | 5 |  5.0
Stealth        | 6 |  6.0
Fighting       | |  0.7
Short Blades   | |  2.6
Long Blades    | |  0.7
Axes           | |  0.7
Maces & Flails | |  0.7
Polearms       | |  0.7
Staves         | |  0.7
Slings         | |  0.7
Bows           | |  0.7
Crossbows      | |  0.7
Throwing       | |  0.7
Armour         | |  0.7
Dodging        | |  4.5
Shields        | |  0.7
Unarmed Combat | |  0.7
Conjurations   | |  0.5
Hexes          | |  5.4
Charms         | |  0.5
Summonings     | |  0.5
Necromancy     | |  0.5
Translocations | |  0.5
Transmutations | |  0.5
Fire Magic     | |  0.5
Ice Magic      | |  0.5
Air Magic      | |  0.5
Earth Magic    | |  0.5
Poison Magic   | |  0.5
Invocations    | |  0.9
Evocations     | |  0.7

Action                   || total
-------------------------++-------
Melee: Dagger            ||    31
Throw: Tomahawk          ||     8
 Cast: Corona            ||     6
       Ensorcelled Hiber ||     7
  Use: Scroll            ||     3
 Stab: Sleeping          ||    12
Armor: Robe              ||     9
Dodge: Dodged            ||    27

Table legend:
 A = Turns spent in this place as a percentage of turns spent in the entire game.
 B = Non-inter-level travel turns spent in this place as a percentage of non-inter-level travel turns spent in the entire game.
 C = Inter-level travel turns spent in this place as a percentage of turns spent in this place.
 D = Turns resting spent in this place as a percentage of non-inter-level travel turns spent in this place.
 E = Turns spent auto-exploring this place as a percentage of non-inter-level travel turns spent in this place.
 F = Non-inter-level travel turns spent in this place divided by the number of levels of this place that you've seen.
                   A       B       C       D       E      F
               +-------+-------+-------+-------+-------+----------------------
         Total | 100.0 | 100.0 |   0.0 |   0.0 |   0.0 | 154.0
       Dungeon | 100.0 | 100.0 |   0.0 |   0.0 |   0.0 | 154.0
               +-------+-------+-------+-------+-------+----------------------

Table legend:
 A = Kills in this place as a percentage of kills in entire the game.
 B = Kills by you in this place as a percentage of kills by you in the entire game.
 C = Kills by friends in this place as a percentage of kills by friends in the entire game.
 D = Other kills in this place as a percentage of other kills in the entire game.
 E = Experience gained in this place as a percentage of experience gained in the entire game.
 F = Experience gained in this place divided by the number of levels of this place that you have seen.
                   A       B       C       D       E      F
               +-------+-------+-------+-------+-------+----------------------
         Total | 100.0 | 100.0 |   N/A |   N/A | 100.0 |  24.0
       Dungeon | 100.0 | 100.0 |   N/A |   N/A | 100.0 |  24.0
               +-------+-------+-------+-------+-------+----------------------

Vault maps used:
D:1:      onia_arrival_mini_spirals
D:2:      minmay_lizard_king, uniq_crazy_yiuf_cottage
